Construct Section Command Post
Selects Heavy Armor Battlegroup
Selects Rigorous Vehicle Training
Construct Platoon Command Post
6-pounder Anti-tank Gun Team
Construct Company Command Post
Selects Light Vehicle Withdraw and Refit
Selects Forward Repair Assembly
Selects UNKNOWN (2162094)
Selects UNKNOWN (2162094)
Unlock Bishop Self-propelled Artillery
Bishop Self-propelled Artillery
Bishop Self-propelled Artillery
Bishop Self-propelled Artillery
Bishop Self-propelled Artillery